 Dungeon Crawl Stone Soup version 0.17-a0-157-g289cc6a (webtiles) character file.

1731 Ngotmuk the Cudgeler (level 8, -4/64 HPs)
             Began as a Demonspawn Abyssal Knight on Mar 27, 2015.
             Was a High Priest of Lugonu.
             Slain by an ogre
             ... wielding a +0 giant spiked club
              (7 damage)
             ... on level 5 of the Dungeon.
             The game lasted 00:41:18 (10254 turns).

Ngotmuk the Cudgeler (Demonspawn Abyssal Knight)   Turns: 10254, Time: 00:41:18

Health: -4/64      AC: 11    Str: 18    XL:     8   Next: 76%
Magic:  0/10       EV:  3    Int: 13    God:    Lugonu [*****.]
Gold:   433        SH: 14    Dex: 13    Spells: 0 memorised, 7 levels left

rFire  . . .     SeeInvis .     m - +0 morningstar (curse)
rCold  . . .     Clarity  .     t - +0 chain mail
rNeg   . . .     SustAb   .     o - +0 large shield
rPois  .         Gourm    .     (no helmet)
rElec  .         Spirit   +     l - +0 cloak
rCorr  .         Warding  .     (no gloves)
rMut   .         Stasis   .     (no boots)
MR     .....                    (no amulet)
Stlth  ..........               (no ring)
                                y - ring of loudness (curse)

@: mighty, not resistant to hostile enchantments, extremely unstealthy
A: claws 2, hooves 1, mutation resistance 1, powered by pain 2, weak 1, magic
shield
a: Depart the Abyss, Bend Space, Banish, Corrupt, Enter the Abyss, Renounce
Religion


You were on level 5 of the Dungeon.
You worshipped Lugonu.
Lugonu was extremely pleased with you.
You were not hungry.

You visited 1 branch of the dungeon, and saw 7 of its levels.
You visited the Abyss 1 time.

You collected 433 gold pieces.

Inventory:

Hand weapons
 m - a cursed +0 morningstar (weapon)
 E - a +1 whip of electrocution
Missiles
 u - 33 poisoned needles
 C - 4 arrows
Armour
 l - a +0 cloak (worn)
 o - a +0 large shield (worn)
 t - a +0 chain mail (worn)
Jewellery
 h - an uncursed ring of fire
 y - a cursed ring of loudness (left claw)
Scrolls
 a - 2 scrolls of teleportation
 g - 3 scrolls of amnesia
 k - a scroll of magic mapping
 n - 2 scrolls of recharging
 z - a scroll of immolation
Potions
 b - a potion of lignification {unknown}
 d - 2 potions of curing {unknown}
 e - 2 potions of heal wounds
 f - 2 potions of brilliance
 i - 3 potions of agility
 v - a potion of poison {unknown}
 x - a potion of haste
Comestibles
 p - a royal jelly
 q - a meat ration
 s - 4 bread rations


   Skills:
 + Level 6.0 Fighting
 + Level 6.6 Maces & Flails
 + Level 5.0 Armour
 - Level 0.8 Dodging
 + Level 4.2 Shields
 + Level 2.4 Invocations


You had 7 spell levels left.
You didn't know any spells.

Dungeon Overview and Level Annotations

Branches:
Dungeon (7/15)             Temple (0/1) D:4

Altars:
Dithmenos
Nemelex Xobeh
Qazlal
Sif Muna

Shops:
D:4 !   D:6 *

Annotations:
D:3 Antondotnet's ghost, average DsMo
D:6 catsarecewl's ghost, experienced OpTm


Innate Abilities, Weirdness & Mutations

You have very sharp fingernails.
You have large cloven feet.
You sometimes gain power by taking damage.
When hurt, damage is shared between your health and your magic reserves.
You are somewhat resistant to further mutation.
You are weak. (Str -2)


Message History

You see here a tomahawk.
There is a stone staircase leading up here.
You block the orc's attack.
The orc priest calls down the wrath of Beogh upon you.
Pain shoots through your body!
* * * LOW HITPOINT WARNING * * *
You climb upwards.
The ogre hits you with a giant spiked club!
* * * LOW HITPOINT WARNING * * *
There is a stone staircase leading down here.
Use which ability? (? or * to list)
You don't have enough magic at the moment.
You feel a little less agile now. You block the orc's attack.
Use which ability? (? or * to list) Space bends around you!
You blink.
* * * LOW HITPOINT WARNING * * *
You feel slightly more hungry.
The ogre hits you with a giant spiked club!
You die...

##...##......##.#
#..............#
##.............##
##...............#
####.............##.#
#####...............#####
#............###...##
#.........Oo## #####
########.@..# #### ##...#
###..### #...# ##.....(#
#...# ##...##### ######
#..## #...## .....##
##..# #..## ......##
##..## #..# ####...#
##..## #.## ##..# ##..##
#.#


You could see an ogre and an orc.

Vanquished Creatures
  Grinder (D:6)
  An ice beast (D:7)
  A black bear (D:6)
  A phantom (D:6)
  A centaur (D:5)
  An ogre (D:5)
  2 scorpions (D:6)
  A jelly (D:6)
  A giant frog zombie (D:5)
  2 crimson imps (D:7)
  A giant frog skeleton (D:3)
  Crazy Yiuf (D:2)
  An orc priest (D:6)
  A centaur skeleton (D:3)
  4 hounds
  3 orc wizards
  A quasit (D:5)
  3 iguanas
  A killer bee zombie (D:6)
  6 worker ants
  A hound skeleton (D:4)
  8 gnolls
  3 adders
  2 worms
  2 adder skeletons
  7 giant geckos
  3 oozes
  11 orcs
  A bat skeleton (D:4)
  2 giant cockroaches (D:3)
  13 hobgoblins
  4 jackals (D:2)
  4 quokkas
  4 ball pythons
  12 bats
  5 giant newts
  13 goblins
  12 kobolds
  16 rats
  3 ballistomycetes (D:7)
160 creatures vanquished.

Vanquished Creatures (others)
  A giant spore (D:7)
1 creature vanquished.

Grand Total: 161 creatures vanquished

Notes
Turn   | Place    | Note
--------------------------------------------------------------
     0 | Abyss:1  | Ngotmuk, the Demonspawn Abyssal Knight, began the quest for the Orb.
     0 | Abyss:1  | Reached XP level 1. HP: 18/18 MP: 1/1
    42 | D:1      | Escaped the Abyss
    80 | D:1      | Gained mutation: You sometimes gain a little power by taking damage. [demonic ancestry]
    80 | D:1      | Reached XP level 2. HP: 20/24 MP: 2/2
   198 | D:1      | Acquired Lugonu's second power
   593 | D:1      | Gained mutation: When hurt, damage is shared between your health and your magic reserves. [demonic ancestry]
   593 | D:1      | Reached XP level 3. HP: 25/29 MP: 4/4
  1242 | D:2      | Acquired Lugonu's third power
  1802 | D:1      | Gained mutation: You sometimes gain power by taking damage. [demonic ancestry]
  1802 | D:1      | Reached XP level 4. HP: 31/36 MP: 5/5
  2466 | D:2      | Noticed Crazy Yiuf
  2477 | D:2      | Killed Crazy Yiuf
  2687 | D:2      | Found a deep blue altar of Sif Muna.
  2783 | D:1      | HP: 1/37 [gnoll/spear (5)]
  3161 | D:3      | Gained mutation: You have large cloven feet. [demonic ancestry]
  3161 | D:3      | Reached XP level 5. HP: 34/42 MP: 4/6
  3573 | D:3      | Acquired Lugonu's fourth power
  3585 | D:3      | Reached skill level 1 in Shields
  3837 | D:4      | Found a staircase to the Ecumenical Temple.
  4040 | D:3      | HP: 2/42 [poisoned by a worker ant]
  4364 | D:3      | Reached skill level 4 in Fighting
  4458 | D:3      | Gained mutation: You have sharp fingernails. [demonic ancestry]
  4458 | D:3      | Reached XP level 6. HP: 5/48 MP: 4/8
  4565 | D:3      | Noticed Antondotnet's ghost (average DsMo)
  4753 | D:4      | Found Skufuxke's Distillery.
  4917 | D:4      | Found a sparkling altar of Nemelex Xobeh.
  4993 | D:4      | Found a sparkling altar of Nemelex Xobeh.
  5021 | D:4      | Found a shadowy altar of Dithmenos.
  6297 | D:5      | Entered Level 5 of the Dungeon
  6675 | D:5      | Gained mutation: You have very sharp fingernails. [demonic ancestry]
  6675 | D:5      | Reached XP level 7. HP: 17/55 MP: 3/9
  7378 | D:5      | Reached skill level 5 in Maces & Flails
  7920 | D:6      | Noticed Grinder
  7923 | D:6      | Paralysed by something for 5 turns
  7940 | D:6      | Killed Grinder
  7940 | D:6      | Reached skill level 5 in Fighting
  7940 | D:6      | Reached XP level 8. HP: 5/62 MP: 2/10
  8221 | D:6      | Found Neuklo Maga's General Store.
  8301 | D:6      | Acquired Lugonu's fifth power
  8491 | D:6      | Reached skill level 6 in Maces & Flails
  8924 | D:3      | Found a stormy altar of Qazlal.
  9572 | D:6      | Noticed catsarecewl's ghost (experienced OpTm)
  9670 | D:6      | Found a shadowy altar of Dithmenos.
  9869 | D:7      | Reached skill level 5 in Armour
 10159 | D:7      | Gained mutation: You are weak. (Str -2) [potion of mutation]
 10159 | D:7      | Gained mutation: You are somewhat resistant to further mutation. [potion of mutation]
 10235 | D:5      | HP: 2/64 [ogre/giant spiked club (8)]
 10252 | D:5      | HP: 2/64 [spatial distortion (3)]
 10254 | D:5      | Slain by an ogre

Action                   |  1- 3 |  4- 6 |  7- 9 || total
-------------------------+-------+-------+-------++-------
Melee: Mace              |   119 |   406 |   158 ||   683
       Morningstar       |       |       |   243 ||   243
 Fire: Blowgun           |       |       |     6 ||     6
Invok: Bend Space        |       |     3 |     1 ||     4
  Use: Scroll            |       |     8 |     6 ||    14
       Potion            |       |     1 |     3 ||     4
  Eat: Beef jerky        |     1 |     1 |       ||     2
       Pizza             |     1 |       |     1 ||     2
       Bread ration      |       |     3 |     1 ||     4
       Meat ration       |       |     1 |       ||     1
       Chunk             |       |     1 |       ||     1
       Fruit             |       |       |     3 ||     3
